[Event "Titled Tuesday Blitz August 22 Early 2023"]
[White "Czopor, Maciej"]
[Black "Perera Alfonso, Rene Humberto"]
[WhiteFideId "21805431"]
[BlackFideId "3514722"]
[WhiteElo "2639"]
[BlackElo "2474"]
[Result "0-1"]
[Round "4"]
[TimeControl "180+1"]
[Date "2023.08.22"]
[WhiteClock "0:00:10"]
[BlackClock "0:00:23"]
[Board "92"]

1. d4 d5 2. c4 c6 3. Nc3 Nf6 4. Nf3 dxc4 5. a4 Bf5 6. Nh4 Bc8 7. e4 e5 8. dxe5 Qxd1+ 9. Kxd1 Ng4 10. Ke1 Nxe5 11. Bf4 Nbd7 12. Rd1 Bb4 13. Nf5 O-O 14. Be2 Re8 15. Nd6 Bxd6 16. Rxd6 f6 17. Kd2 Kf8 18. Kc2 Nc5 19. Bxe5 Rxe5 20. Rd4 b5 21. axb5 cxb5 22. Nxb5 Nxe4 23. f4 Rxb5 24. Rxe4 Bf5 25. Bxc4 Bxe4+ 26. Kc3 Rc8 27. Kd4 Rb4 28. b3 Bf5 29. Ra1 Rb7 30. Ra5 g6 31. h3 Rd7+ 32. Kc3 Be6 33. Ra6 Bxc4 34. bxc4 Rdc7 35. Rxf6+ Ke7 36. Ra6 Rxc4+ 37. Kd3 R8c7 38. g4 Rxf4 39. Ke3 Rb4 40. Kf3 Rc3+ 41. Ke2 Rb2+ 42. Kd1 Rxh3 43. Rxa7+ Kf6 0-1


[Site "https://www.chess.com"]

[Event "Titled Tuesday Blitz August 22 Early 2023"]
[White "Subelj, Jan"]
[Black "Sliwicki, Damian"]
[WhiteFideId "14618583"]
[BlackFideId "1127128"]
[WhiteElo "2634"]
[BlackElo "2467"]
[Result "1-0"]
[Round "4"]
[TimeControl "180+1"]
[Date "2023.08.22"]
[WhiteClock "0:02:23"]
[BlackClock "0:01:00"]
[Board "93"]

1. Nc3 Nf6 2. Nf3 c5 3. d4 cxd4 4. Nxd4 g6 5. g3 d5 6. Bg2 Bg7 7. O-O O-O 8. Nb3 e6 9. e4 dxe4 10. Nxe4 Nc6 11. Qxd8 Nxd8 12. c3 Nxe4 13. Bxe4 Nc6 14. Bf4 f5 15. Bxc6 bxc6 16. Rfe1 Re8 17. Be5 Bxe5 18. Rxe5 Rb8 19. Rae1 Kf7 20. R1e2 Ba6 21. Rd2 Bc4 22. Na5 Rbd8 23. Nxc4 Kf6 24. f4 Rxd2 25. Nxd2 Rd8 26. Re2 Rd3 27. Kf2 g5 28. fxg5+ Kxg5 29. Nf3+ Kg4 30. Ne5+ 1-0


[Site "https://www.chess.com"]

[Event "Titled Tuesday Blitz August 22 Early 2023"]
[White "Sipila, Vilka"]
[Black "WindWhistler11"]
[WhiteFideId "505455"]
[WhiteElo "2634"]
[BlackElo "2455"]
[Result "1/2-1/2"]
[Round "4"]
[TimeControl "180+1"]
[Date "2023.08.22"]
[WhiteClock "0:00:11"]
[BlackClock "0:00:07"]
[Board "94"]

1. Nc3 e6 2. Nf3 Nf6 3. d4 d5 4. Bf4 a6 5. e3 c5 6. Ne5 Be7 7. Bd3 Nc6 8. g4 cxd4 9. Nxc6 bxc6 10. exd4 c5 11. dxc5 Qa5 12. Bd6 Bxd6 13. cxd6 d4 14. Qf3 Nd5 15. Be4 dxc3 16. b4 Qb5 17. a4 Qc4 18. Rb1 O-O 19. Bd3 Qf4 20. Qxf4 Nxf4 21. Be4 Ra7 22. Rg1 Rd8 23. Rg3 Rxd6 24. Rxc3 Rd8 25. Rc6 Rad7 26. Rb6 Nd5 27. Bxd5 Rxd5 28. c4 Rd4 29. c5 e5 30. h3 h5 31. f3 hxg4 32. hxg4 e4 33. Rb8 exf3 34. c6 Rc4 35. Rb3 f2+ 36. Kxf2 Rxc6 37. b5 Rf6+ 38. Kg3 axb5 39. Rc3 bxa4 40. Rcxc8 Rxc8 41. Rxc8+ Kh7 42. Ra8 Rc6 43. Rxa4 Rc3+ 44. Kh4 f6 45. g5 Rc1 46. gxf6 gxf6 47. Ra8 Kg7 48. Kg4 Kg6 49. Rg8+ Kf7 50. Ra8 Rc4+ 51. Kf5 Rc5+ 52. Kf4 Re5 53. Kg4 Kg6 54. Kf4 Rf5+ 55. Kg4 Rb5 56. Rg8+ Kf7 57. Ra8 Ke6 58. Ra6+ Ke5 59. Ra1 Rb4+ 60. Kf3 Rb3+ 61. Kf2 f5 62. Ra4 Rb2+ 63. Kf3 Rb3+ 64. Kf2 f4 65. Rc4 Kf5 66. Rc8 Rb2+ 67. Kf3 Rb3+ 68. Kf2 Rb5 69. Kf3 Rb3+ 70. Kf2 1/2-1/2


[Site "https://www.chess.com"]

[Event "Titled Tuesday Blitz August 22 Early 2023"]
[White "SmirnovAlexandrA"]
[Black "LeoLV10"]
[WhiteElo "2632"]
[BlackElo "2450"]
[Result "1-0"]
[Round "4"]
[TimeControl "180+1"]
[Date "2023.08.22"]
[WhiteClock "0:01:43"]
[BlackClock "0:00:06"]
[Board "95"]

1. e4 c6 2. d4 d5 3. e5 c5 4. dxc5 e6 5. f4 Nh6 6. Nf3 Bxc5 7. Nbd2 Nc6 8. Nb3 Bb6 9. Bd3 Ng4 10. Qe2 Bf2+ 11. Kd1 Bb6 12. Rf1 a5 13. h3 Nh6 14. a4 Nf5 15. Bxf5 exf5 16. c3 Be6 17. Be3 d4 18. Nbxd4 O-O 19. Ke1 Nxd4 20. Nxd4 Bxd4 21. Bxd4 Rc8 22. Rf3 Bc4 23. Qf2 Bd5 24. Rg3 Be4 25. Rd1 Qe7 26. Kf1 Rc6 27. Kg1 Rg6 28. Rxg6 hxg6 29. Bc5 Qe8 30. Bxf8 Qxf8 31. Qb6 Kh7 32. Qd8 Qc5+ 33. Rd4 Bc6 34. Kh2 g5 35. Qxg5 Qb6 36. Qh4+ Kg6 37. Rd6+ f6 38. exf6 Qc5 39. Qg5+ Kf7 40. Qxg7+ Ke8 41. Qe7# 1-0


[Site "https://www.chess.com"]

[Event "Titled Tuesday Blitz August 22 Early 2023"]
[White "Chen, Ryo"]
[Black "Rietze, Clemens, Dr."]
[WhiteFideId "7003072"]
[BlackFideId "24620351"]
[WhiteElo "2632"]
[BlackElo "2449"]
[Result "1-0"]
[Round "4"]
[TimeControl "180+1"]
[Date "2023.08.22"]
[WhiteClock "0:02:01"]
[BlackClock "0:01:10"]
[Board "96"]

1. e4 c5 2. Nf3 Nc6 3. d4 cxd4 4. Nxd4 Nf6 5. Nc3 d6 6. Be2 e6 7. O-O Be7 8. Be3 O-O 9. f4 a6 10. a4 Qc7 11. Kh1 Na5 12. Bd3 b6 13. Qf3 Bb7 14. Qh3 g6 15. f5 e5 16. fxg6 hxg6 17. Nf5 gxf5 18. Rxf5 Rfd8 19. Rg5+ 1-0


[Site "https://www.chess.com"]

[Event "Titled Tuesday Blitz August 22 Early 2023"]
[White "Mendez Fortes, Eduardo Jesus"]
[Black "Begunov, Konstantin"]
[WhiteFideId "3502376"]
[BlackFideId "4118510"]
[WhiteElo "2631"]
[BlackElo "2443"]
[Result "1/2-1/2"]
[Round "4"]
[TimeControl "180+1"]
[Date "2023.08.22"]
[WhiteClock "0:01:15"]
[BlackClock "0:00:35"]
[Board "97"]

1. e4 c5 2. Nf3 d6 3. d4 cxd4 4. Nxd4 Nf6 5. Nc3 a6 6. Be3 Ng4 7. Bg5 Nc6 8. Qd2 h6 9. Bh4 g5 10. Bg3 Bg7 11. Nxc6 bxc6 12. f3 Qb6 13. O-O-O Rb8 14. b3 Qa5 15. Na4 Qxa4 16. bxa4 Bb2+ 17. Kb1 Bc3+ 18. Kc1 Bb2+ 19. Kb1 Bc3+ 20. Kc1 Bb2+ 1/2-1/2


[Site "https://www.chess.com"]

[Event "Titled Tuesday Blitz August 22 Early 2023"]
[White "Girsh, Daniel"]
[Black "Sun, Rick"]
[WhiteFideId "30949190"]
[BlackFideId "30909481"]
[WhiteElo "2441"]
[BlackElo "2631"]
[Result "1-0"]
[Round "4"]
[TimeControl "180+1"]
[Date "2023.08.22"]
[WhiteClock "0:01:07"]
[BlackClock "0:00:00"]
[Board "98"]

1. c4 d6 2. d4 Nf6 3. Nc3 g6 4. e4 Bg7 5. Be2 O-O 6. Nf3 e5 7. O-O Nc6 8. Be3 exd4 9. Nxd4 Re8 10. f3 Bd7 11. Qd2 Nh5 12. Rad1 Qh4 13. Nxc6 bxc6 14. Bf2 Qe7 15. c5 Be5 16. g3 Bh3 17. Rfe1 Rad8 18. cxd6 cxd6 19. f4 Bxc3 20. Qxc3 Qxe4 21. Bf3 Qf5 22. Bxc6 Rxe1+ 23. Rxe1 Nf6 24. Bd4 Nd5 25. Qa5 Nb6 26. Qxf5 Bxf5 27. Re7 Rc8 28. Bf3 Kf8 29. Rxa7 Nc4 30. Ra8 Nd2 31. Rxc8+ Bxc8 32. Bd5 Be6 33. Bxe6 fxe6 34. Kf2 Ke7 35. Ke2 Nc4 36. b3 Na3 37. Kd3 Kd7 38. Bf2 Kc6 39. g4 h5 40. h3 hxg4 41. hxg4 Kd5 42. Be3 Kc6 43. Bc1 Nb5 44. a4 Nc7 45. b4 e5 46. b5+ Kd5 47. fxe5 dxe5 48. Be3 Ne6 49. a5 Nc7 50. b6 Na6 51. Kc3 e4 52. Bf2 Kc6 53. Kc4 Nb8 54. Kd4 Kb5 55. Kxe4 Kxa5 56. Ke5 Nd7+ 57. Ke6 Nb8 58. Kf6 Kb5 59. Kxg6 Kc6 60. g5 Nd7 61. Kf7 Nxb6 62. Bxb6 1-0


[Site "https://www.chess.com"]

[Event "Titled Tuesday Blitz August 22 Early 2023"]
[White "Goldin, Roman"]
[Black "Turayev, Shahruh"]
[WhiteFideId "2803860"]
[BlackFideId "14003856"]
[WhiteElo "2434"]
[BlackElo "2630"]
[Result "0-1"]
[Round "4"]
[TimeControl "180+1"]
[Date "2023.08.22"]
[WhiteClock "0:00:00"]
[BlackClock "0:00:12"]
[Board "99"]

1. e4 d5 2. Nc3 dxe4 3. Nxe4 Qd5 4. Nc3 Qa5 5. Nf3 Nf6 6. g3 Nc6 7. Bg2 Bg4 8. h3 Bh5 9. O-O O-O-O 10. d3 e6 11. Be3 Bc5 12. Qe1 Bxf3 13. Bxf3 Nd4 14. Bd1 Nf5 15. Bxc5 Qxc5 16. Kg2 h5 17. h4 Rhg8 18. Ne4 Nxe4 19. Qxe4 g5 20. Bxh5 Nd6 21. Qe3 Qxe3 22. fxe3 gxh4 23. g4 f5 24. Kh3 Rg5 25. Kxh4 Rdg8 26. Rg1 fxg4 27. e4 g3 28. Raf1 Kd7 29. Rf3 g2 30. Rf4 Rb5 31. b3 Rh8 32. Rxg2 Rhxh5+ 33. Kg3 Rhg5+ 34. Kf3 Rxg2 35. Kxg2 Ra5 36. a4 Rc5 37. c4 a5 38. Rh4 Rg5+ 39. Kf3 e5 40. Rh7+ Kc6 41. d4 exd4 42. Kf4 Rg1 43. e5 Rf1+ 44. Kg4 Ne4 45. Rh6+ Kc5 46. e6 Kd6 0-1


[Site "https://www.chess.com"]

[Event "Titled Tuesday Blitz August 22 Early 2023"]
[White "Zenin, Dmitry"]
[Black "Aaditya Dhingra"]
[WhiteFideId "4127897"]
[BlackFideId "25678191"]
[WhiteElo "2430"]
[BlackElo "2629"]
[Result "0-1"]
[Round "4"]
[TimeControl "180+1"]
[Date "2023.08.22"]
[WhiteClock "0:00:00"]
[BlackClock "0:00:19"]
[Board "100"]

1. d4 g6 2. c4 Bg7 3. e4 c5 4. Nf3 d6 5. d5 Nf6 6. Nc3 O-O 7. Bd3 e6 8. h3 exd5 9. cxd5 Re8 10. O-O Na6 11. Re1 Nc7 12. a4 Rb8 13. Bf4 a6 14. a5 b5 15. axb6 Rxb6 16. Qd2 Nb5 17. Na4 Rb7 18. Rab1 Bd7 19. b3 Qc7 20. Rbc1 Qd8 21. Nb2 Nd4 22. Nxd4 cxd4 23. Nc4 Nh5 24. Bg5 Qb8 25. g4 Nf6 26. Bf4 Bf8 27. Na5 Rxb3 28. Nxb3 Qxb3 29. Rc4 Bg7 30. Rb4 Qa3 31. Bxd6 Qc3 32. Qxc3 dxc3 33. Rc1 Bb5 34. Bxb5 axb5 35. f3 Rd8 36. Bf4 Nd7 37. Rxb5 Nc5 38. Rxc5 Bd4+ 39. Kg2 Bxc5 40. Rxc3 Bd4 41. Rc4 Bg7 42. d6 f6 43. h4 Bf8 44. Rc6 Kf7 45. g5 fxg5 46. hxg5 Ke6 47. d7+ Kxd7 48. Rc7+ Ke6 49. Rxh7 Be7 50. Rg7 Rd3 51. Kg3 Rd1 52. Rxg6+ Kf7 53. Rc6 Rg1+ 54. Kh3 Rh1+ 55. Kg4 Rf1 56. Be5 Rg1+ 57. Kf5 Rxg5+ 58. Kf4 Rh5 59. Rc7 Ke6 0-1


[Site "https://www.chess.com"]

[Event "Titled Tuesday Blitz August 22 Early 2023"]
[White "HamedWafa4"]
[Black "Pershina, Elena"]
[BlackFideId "24147516"]
[WhiteElo "2628"]
[BlackElo "2427"]
[Result "1-0"]
[Round "4"]
[TimeControl "180+1"]
[Date "2023.08.22"]
[WhiteClock "0:02:01"]
[BlackClock "0:00:54"]
[Board "101"]

1. e4 c5 2. Nf3 Nc6 3. Bb5 g6 4. Bxc6 dxc6 5. O-O Bg7 6. d3 Qc7 7. a4 a5 8. h3 e5 9. Be3 b6 10. Nbd2 Nf6 11. Nc4 Nh5 12. b4 axb4 13. a5 bxa5 14. Bxc5 Be6 15. Nd6+ Kd7 16. d4 exd4 17. Nxd4 Rhd8 18. Nxe6 Kxe6 19. Qg4+ Kf6 20. e5+ Kxe5 21. Rfe1+ 1-0


[Site "https://www.chess.com"]

[Event "Titled Tuesday Blitz August 22 Early 2023"]
[White "Iskusnyh, Sergei"]
[Black "Romero Ruscalleda, Josep"]
[WhiteFideId "4120027"]
[BlackFideId "2231859"]
[WhiteElo "2628"]
[BlackElo "2425"]
[Result "1-0"]
[Round "4"]
[TimeControl "180+1"]
[Date "2023.08.22"]
[WhiteClock "0:01:18"]
[BlackClock "0:00:37"]
[Board "102"]

1. d4 g6 2. c4 Bg7 3. Nf3 d6 4. g3 Nc6 5. Bg2 e5 6. dxe5 Nxe5 7. Nc3 Nxf3+ 8. Bxf3 Ne7 9. O-O O-O 10. Bg5 a6 11. Qd2 f6 12. Bh6 Bxh6 13. Qxh6 Nf5 14. Qd2 Rb8 15. Rfd1 Qe8 16. Nd5 Rf7 17. Rac1 Be6 18. Nf4 Bd7 19. Bd5 Qe5 20. c5 Kg7 21. Bxf7 Kxf7 22. cxd6 Nxd6 23. Rxc7 1-0


[Site "https://www.chess.com"]

[Event "Titled Tuesday Blitz August 22 Early 2023"]
[White "Baches Garcia, Guillermo"]
[Black "Bodnaruk, Anastasia"]
[WhiteFideId "2209764"]
[BlackFideId "4181751"]
[WhiteElo "2422"]
[BlackElo "2625"]
[Result "1-0"]
[Round "4"]
[TimeControl "180+1"]
[Date "2023.08.22"]
[WhiteClock "0:00:09"]
[BlackClock "0:00:00"]
[Board "103"]

1. e4 c5 2. Nf3 d6 3. d4 cxd4 4. Nxd4 Nf6 5. Nc3 a6 6. Be3 e5 7. Nb3 Be6 8. f3 Nbd7 9. g4 Nb6 10. g5 Nh5 11. Qd2 Rc8 12. O-O-O Be7 13. Kb1 O-O 14. Rg1 Qc7 15. a3 Rfd8 16. Nd5 Bxd5 17. exd5 Nc4 18. Bxc4 Qxc4 19. Bb6 Rd7 20. Be3 Rdc7 21. Rc1 Qa4 22. Rg4 Rc4 23. Qe2 b5 24. h4 g6 25. Rcg1 Ng7 26. Na1 Qa5 27. Rxc4 bxc4 28. Bd2 Qxd5 29. c3 Nf5 30. Nc2 Nxh4 31. f4 Nf3 32. Rd1 Qd3 33. Qxd3 cxd3 34. Nb4 e4 35. Be3 Bd8 36. Nxa6 d5 37. Nb4 f6 38. gxf6 Bxf6 39. Nxd5 Bh4 40. a4 Kf7 41. a5 Ke6 42. Nb4 Be7 43. a6 Bc5 44. Bxc5 Rxc5 45. Nxd3 exd3 46. Rxd3 Nh4 47. b4 Rc7 48. b5 Nf5 49. b6 Rc5 50. a7 Ra5 51. b7 1-0


[Site "https://www.chess.com"]

[Event "Titled Tuesday Blitz August 22 Early 2023"]
[White "Maltsevskaya, Aleksandra"]
[Black "Kupervaser, Erez"]
[WhiteFideId "24174041"]
[BlackFideId "2814587"]
[WhiteElo "2624"]
[BlackElo "2404"]
[Result "1-0"]
[Round "4"]
[TimeControl "180+1"]
[Date "2023.08.22"]
[WhiteClock "0:00:15"]
[BlackClock "0:00:00"]
[Board "104"]

1. e4 c5 2. Nf3 d6 3. d4 cxd4 4. Nxd4 Nf6 5. Nc3 g6 6. Bc4 Bg7 7. Bb3 Nc6 8. f3 Bd7 9. Be3 Na5 10. h4 h5 11. Qd2 Rc8 12. Nd5 Nc4 13. Nxf6+ Bxf6 14. Bxc4 Rxc4 15. c3 b5 16. Bg5 Bg7 17. O-O b4 18. Ne2 Qc7 19. cxb4 Rc2 20. Qd3 Bxb2 21. Rad1 Be6 22. Nf4 Bxa2 23. Qb5+ Kf8 24. Nd5 Bxd5 25. exd5 Qb6+ 26. Qxb6 axb6 27. Be3 b5 28. Rf2 Rxf2 29. Kxf2 f6 30. Rb1 Be5 31. f4 Kf7 32. fxe5 dxe5 33. Rc1 Ra8 34. Rc5 Ra2+ 35. Kf3 f5 36. g3 e4+ 37. Kf4 Ra3 38. Rxb5 Kf6 39. Rb6+ Kf7 40. Rb7 Kf6 41. Bd4+ Kf7 42. Bc5 Rf3+ 43. Ke5 Rxg3 44. Bxe7 e3 45. Bf6+ Ke8 46. Ke6 1-0


[Site "https://www.chess.com"]

[Event "Titled Tuesday Blitz August 22 Early 2023"]
[White "Tologon tegin, Semetei"]
[Black "Ozalp, Burak"]
[WhiteFideId "13800574"]
[BlackFideId "6314210"]
[WhiteElo "2624"]
[BlackElo "2376"]
[Result "1-0"]
[Round "4"]
[TimeControl "180+1"]
[Date "2023.08.22"]
[WhiteClock "0:01:41"]
[BlackClock "0:01:26"]
[Board "105"]

1. e4 e6 2. d4 d5 3. e5 c5 4. c3 Nc6 5. Nf3 Qb6 6. Be2 Bd7 7. O-O Rc8 8. dxc5 Bxc5 9. b4 Bf8 10. Re1 Nge7 11. Bd3 a6 12. Bf4 Ng6 13. Bg3 Be7 14. h4 h5 15. Bxg6 fxg6 16. Qd3 Kf7 17. Nbd2 Qb5 18. Qe3 Rhf8 19. a4 d4 20. Qf4+ Kg8 21. axb5 Rxf4 22. Bxf4 axb5 23. Nxd4 Nxd4 24. cxd4 Bxb4 25. Rec1 Rf8 26. Be3 Bc6 27. Nb3 Be7 28. g3 Rf3 29. Ra7 g5 30. Rxc6 1-0


[Site "https://www.chess.com"]

[Event "Titled Tuesday Blitz August 22 Early 2023"]
[White "Wang2007"]
[Black "CrazyAdvenTures"]
[WhiteElo "2375"]
[BlackElo "2623"]
[Result "0-1"]
[Round "4"]
[TimeControl "180+1"]
[Date "2023.08.22"]
[WhiteClock "0:00:01"]
[BlackClock "0:00:13"]
[Board "106"]

1. d4 Nf6 2. c4 d6 3. Nf3 g6 4. g3 Bg7 5. Bg2 O-O 6. O-O Bf5 7. Nc3 Ne4 8. Ne1 Nxc3 9. bxc3 Nc6 10. e4 Bd7 11. Nd3 Na5 12. c5 Bb5 13. cxd6 cxd6 14. Re1 Rc8 15. Rb1 Bc4 16. Nb4 Nc6 17. Be3 Nxb4 18. Rxb4 b5 19. a4 a5 20. Rb2 Qd7 21. axb5 Bxb5 22. Qa1 a4 23. Reb1 Bd3 24. Rd1 Bc4 25. Rb4 Bb3 26. Rc1 Rc7 27. Bf1 Qg4 28. d5 Rfc8 29. e5 Qf3 30. Bg2 Qe2 31. Bf1 Qf3 32. Bg2 Qf5 33. exd6 exd6 34. Bd4 Bxd4 35. Rxd4 Qe5 36. Re1 Qf6 37. Bh3 Rb8 38. Rde4 Kg7 39. R4e3 Rb5 40. Rc1 Rxd5 41. Bg2 Rdc5 42. Re4 d5 43. Rd4 Qxd4 44. cxd4 Rxc1+ 45. Qxc1 Rxc1+ 46. Bf1 Rxf1+ 47. Kxf1 a3 0-1


[Site "https://www.chess.com"]

[Event "Titled Tuesday Blitz August 22 Early 2023"]
[White "Vlassov, Nikolai"]
[Black "crosky"]
[WhiteFideId "4103360"]
[WhiteElo "2616"]
[BlackElo "2355"]
[Result "1-0"]
[Round "4"]
[TimeControl "180+1"]
[Date "2023.08.22"]
[WhiteClock "0:01:29"]
[BlackClock "0:00:54"]
[Board "107"]

1. e4 c6 2. d4 d5 3. f3 Qb6 4. Nc3 dxe4 5. fxe4 e5 6. Nf3 exd4 7. Qxd4 Qxd4 8. Nxd4 Bc5 9. Nb3 Bd6 10. Bg5 Nd7 11. O-O-O h6 12. Rxd6 hxg5 13. Be2 Ngf6 14. h3 Nh5 15. Bxh5 Rxh5 16. Rhd1 Rh6 17. R6d2 Ke7 18. Nd4 g6 19. Nf3 f6 20. e5 Nxe5 21. Nxe5 fxe5 22. Rd8 b6 23. Rg8 1-0


[Site "https://www.chess.com"]

[Event "Titled Tuesday Blitz August 22 Early 2023"]
[White "Kuzhilniy, Oleksandr"]
[Black "Bashirli, Saadat"]
[WhiteFideId "34110500"]
[BlackFideId "13429990"]
[WhiteElo "2614"]
[BlackElo "2353"]
[Result "1-0"]
[Round "4"]
[TimeControl "180+1"]
[Date "2023.08.22"]
[WhiteClock "0:00:17"]
[BlackClock "0:00:08"]
[Board "108"]

1. b3 d5 2. Bb2 Nf6 3. Nf3 Bg4 4. Ne5 Bf5 5. d3 c6 6. Nd2 Nbd7 7. Ndf3 h6 8. g3 e6 9. Bg2 Bd6 10. Nxd7 Qxd7 11. O-O Qe7 12. Ne5 O-O 13. a4 Nd7 14. Nxd7 Qxd7 15. e4 Bh7 16. Qg4 f5 17. exf5 Bxf5 18. Qh5 Rae8 19. Rae1 e5 20. Re3 Qf7 21. Qxf7+ Rxf7 22. Rfe1 Rfe7 23. Bf3 Bg6 24. h4 Kf7 25. Bg4 b6 26. Kg2 e4 27. dxe4 Bxe4+ 28. Bf3 Bxc2 29. Rxe7+ Rxe7 30. Rc1 Bxb3 31. Rxc6 Bc5 32. Bh5+ Kg8 33. Bg6 Bxa4 34. Rc8+ Be8 35. Bxe8 Kh7 36. h5 g5 37. Bg6# 1-0


[Site "https://www.chess.com"]

[Event "Titled Tuesday Blitz August 22 Early 2023"]
[White "Pavlidis, Anastasios"]
[Black "Erzhanov, Arman"]
[WhiteFideId "4208404"]
[BlackFideId "4138821"]
[WhiteElo "2323"]
[BlackElo "2613"]
[Result "0-1"]
[Round "4"]
[TimeControl "180+1"]
[Date "2023.08.22"]
[WhiteClock "0:00:47"]
[BlackClock "0:01:44"]
[Board "109"]

1. d4 d6 2. e4 Nf6 3. Nc3 c6 4. Nf3 Bg4 5. h3 Bxf3 6. Qxf3 e6 7. Bd3 d5 8. e5 Nfd7 9. O-O c5 10. Nxd5 exd5 11. Qxd5 Nc6 12. c3 cxd4 13. cxd4 Ndxe5 14. Qxd8+ Rxd8 15. Re1 Rxd4 16. Bb5 Kd8 17. Be3 Rd5 18. Rad1 Rxd1 19. Rxd1+ Kc7 20. Bf4 f6 21. Bg3 Bd6 22. f4 Ng6 23. Rf1 Re8 24. h4 Re4 25. Bd3 Re3 26. Bxg6 hxg6 27. Be1 Re2 28. Bc3 Bb4 29. Bxb4 Nxb4 30. Rc1+ Rc2 31. Rxc2+ Nxc2 32. Kf2 Nb4 33. Ke3 Nxa2 34. g4 Kd6 35. f5 gxf5 36. g5 fxg5 0-1


[Site "https://www.chess.com"]

[Event "Titled Tuesday Blitz August 22 Early 2023"]
[White "Juicy_Fork"]
[Black "Arat, Ufuk Sezen"]
[BlackFideId "6309089"]
[WhiteElo "2318"]
[BlackElo "2612"]
[Result "0-1"]
[Round "4"]
[TimeControl "180+1"]
[Date "2023.08.22"]
[WhiteClock "0:00:00"]
[BlackClock "0:01:42"]
[Board "110"]

1. e4 c5 2. Nf3 e6 3. d4 cxd4 4. Nxd4 Nc6 5. Bf4 Bc5 6. Nb3 Bb4+ 7. N1d2 d5 8. c3 Be7 9. Bd3 Nf6 10. O-O e5 11. Bg5 dxe4 12. Nxe4 Nxe4 13. Bxe7 Qxe7 14. Bxe4 O-O 15. Qf3 Be6 16. Rad1 Rac8 17. Rfe1 f6 18. Bf5 Rfd8 19. Qg4 Bxf5 20. Qxf5 g6 21. Qg4 f5 22. Qc4+ Kg7 23. Qc5 Qf6 24. Qb5 b6 25. a4 e4 26. a5 Ne5 27. axb6 axb6 28. Nd4 Nd3 29. Rxd3 exd3 30. Ne6+ Qxe6 31. Rxe6 d2 32. Qe5+ Kg8 33. Rxg6+ hxg6 34. Qe6+ Kg7 35. Qe7+ Kh8 36. Qf6+ Kh7 37. Qh4+ Kg8 38. h3 d1=Q+ 39. Kh2 Qd6+ 0-1


[Site "https://www.chess.com"]

[Event "Titled Tuesday Blitz August 22 Early 2023"]
[White "Osinovsky, Stepan"]
[Black "Horobetz, Graham"]
[WhiteFideId "4157354"]
[BlackFideId "2047322"]
[WhiteElo "2318"]
[BlackElo "2609"]
[Result "0-1"]
[Round "4"]
[TimeControl "180+1"]
[Date "2023.08.22"]
[WhiteClock "0:00:00"]
[BlackClock "0:00:47"]
[Board "111"]

1. e4 c5 2. Nf3 d6 3. d3 Nf6 4. Nbd2 g6 5. g3 Bg7 6. Bg2 O-O 7. O-O Nc6 8. Re1 e5 9. a4 d5 10. exd5 Nxd5 11. Nc4 Re8 12. a5 h6 13. c3 Bf5 14. Qb3 Bxd3 15. Qxb7 Bxc4 16. Qxc6 Rc8 17. Qa4 Bd3 18. Nd2 c4 19. Nf3 e4 20. Nd4 f5 21. Bd2 Kh7 22. Rad1 Rb8 23. Bc1 Qc8 24. f3 Qc5 25. fxe4 Bxd4+ 26. cxd4 Qxd4+ 27. Kh1 fxe4 28. Qd7+ Re7 29. Qd6 Rbe8 30. Bf4 Re6 31. Qd7+ R8e7 32. Qd8 g5 33. Be3 Qe5 34. Bc5 Rf7 35. Qa8 Nc7 36. Bxe4+ Qxe4+ 37. Rxe4 Bxe4+ 38. Qxe4+ Rxe4 39. Bxa7 Nb5 40. Bb6 Re2 41. a6 Rxb2 42. Ra1 Na7 0-1


[Site "https://www.chess.com"]

[Event "Titled Tuesday Blitz August 22 Early 2023"]
[White "Principe, Alexander"]
[Black "Lacasa Diaz, Jose Antonio"]
[WhiteFideId "3804542"]
[BlackFideId "2203375"]
[WhiteElo "2607"]
[BlackElo "2293"]
[Result "0-1"]
[Round "4"]
[TimeControl "180+1"]
[Date "2023.08.22"]
[WhiteClock "0:00:43"]
[BlackClock "0:00:39"]
[Board "112"]

1. e4 c5 2. Nf3 d6 3. d4 cxd4 4. Nxd4 Nf6 5. Nc3 g6 6. Be3 Bg7 7. f3 O-O 8. Qd2 Nc6 9. Bc4 Nxd4 10. Bxd4 Be6 11. Bb3 Qa5 12. O-O Nd7 13. Bxg7 Kxg7 14. Qd4+ Qe5 15. Qxe5+ Nxe5 16. Bxe6 fxe6 17. Ne2 Rac8 18. c3 Kf7 19. b3 a6 20. Kf2 Ke8 21. Ke3 Kd7 22. Rac1 b5 23. h3 g5 24. g3 Ng6 25. Nd4 h5 26. f4 gxf4+ 27. gxf4 Nxf4 28. Rxf4 Rxf4 29. Kxf4 e5+ 30. Ke3 exd4+ 31. Kxd4 Rg8 32. Re1 Rg2 33. a3 Rd2+ 34. Ke3 Rh2 35. Ra1 Rxh3+ 36. Kd2 h4 37. a4 Rh2+ 38. Kd3 h3 39. axb5 axb5 40. Ra5 Kc6 41. Ra7 e5 42. Rh7 Rh1 43. b4 h2 44. Kd2 Ra1 0-1


[Site "https://www.chess.com"]

[Event "Titled Tuesday Blitz August 22 Early 2023"]
[White "Rosen, Eric"]
[Black "Acosta Cruz, Oscar Yosimar"]
[WhiteFideId "2032562"]
[BlackFideId "5111269"]
[WhiteElo "2598"]
[BlackElo "2270"]
[Result "0-1"]
[Round "4"]
[TimeControl "180+1"]
[Date "2023.08.22"]
[WhiteClock "0:00:02"]
[BlackClock "0:00:20"]
[Board "113"]

1. d4 Nf6 2. Bf4 d5 3. e3 c5 4. Nf3 Nc6 5. Nbd2 Qb6 6. dxc5 Qxb2 7. Rb1 Qa3 8. Bb5 Qxc5 9. c4 a6 10. Bxc6+ bxc6 11. O-O e6 12. Qa4 Bd7 13. Rfc1 Qa3 14. Qxa3 Bxa3 15. Rc3 Be7 16. Rb7 c5 17. Ne5 Rd8 18. g4 h6 19. h4 Bc8 20. Ra7 Bd6 21. Nxf7 Bxf4 22. exf4 O-O 23. Nxd8 Rxd8 24. g5 d4 25. Rb3 Nd7 26. Ra8 Kf7 27. Ne4 Ke7 28. Kf1 Rf8 29. Ke1 a5 30. f5 a4 31. Nc3 axb3 32. Ne4 Bb7 33. Re8+ Rxe8 34. f6+ gxf6 35. gxf6+ Nxf6 36. Nxc5 b2 37. Ke2 b1=Q 38. Nxb7 Qxa2+ 39. Kf1 Qb1+ 40. Kg2 Qxb7+ 41. Kf1 Rg8 42. c5 Qe4 43. h5 Nd5 44. c6 Nf4 45. c7 Qe2# 0-1


[Site "https://www.chess.com"]

[Event "Titled Tuesday Blitz August 22 Early 2023"]
[White "ZeGood_ZeBad_ZeUgly"]
[Black "Borgaonkar Akshay"]
[BlackFideId "25639110"]
[WhiteElo "2262"]
[BlackElo "2598"]
[Result "0-1"]
[Round "4"]
[TimeControl "180+1"]
[Date "2023.08.22"]
[WhiteClock "0:00:00"]
[BlackClock "0:01:29"]
[Board "114"]

1. d4 g6 2. e4 Bg7 3. Nc3 c6 4. Nf3 d5 5. Bf4 dxe4 6. Nxe4 Nf6 7. Bd3 Nbd7 8. Ned2 O-O 9. Qe2 Re8 10. Nc4 Nd5 11. Bd2 Qc7 12. O-O c5 13. Be4 N7f6 14. dxc5 Qxc5 15. c3 Nxe4 16. Qxe4 Bf5 17. Qe2 Rad8 18. Nfe5 b5 19. Na5 Nb6 20. Nac6 Rxd2 21. Qxd2 Bxe5 22. Nxe5 Qxe5 23. Rfe1 Qc7 24. Rad1 Nc4 25. Qc1 e5 26. b3 Nd6 27. Qa3 Ne4 28. c4 bxc4 29. bxc4 Qxc4 30. Qxa7 Nc3 31. Rc1 Ne2+ 32. Rxe2 Qxc1+ 0-1


[Site "https://www.chess.com"]

[Event "Titled Tuesday Blitz August 22 Early 2023"]
[White "Ahmad, Khagan"]
[Black "parintele_chess"]
[WhiteFideId "13431552"]
[WhiteElo "2598"]
[BlackElo "2235"]
[Result "1-0"]
[Round "4"]
[TimeControl "180+1"]
[Date "2023.08.22"]
[WhiteClock "0:01:01"]
[BlackClock "0:00:53"]
[Board "115"]

1. Nf3 Nf6 2. c4 c5 3. g3 g6 4. Nc3 Nc6 5. Bg2 Bg7 6. d4 cxd4 7. Nxd4 Nxd4 8. Qxd4 d6 9. O-O O-O 10. Qd3 a6 11. b3 Rb8 12. Bb2 Bd7 13. a4 b5 14. cxb5 axb5 15. Nxb5 Bxb5 16. axb5 Qb6 17. Bc6 Ng4 18. Bxg7 Kxg7 19. Qc3+ f6 20. Ra6 Qd8 21. f4 Rb6 22. Qa5 Rxa6 23. Qxd8 Rxd8 24. bxa6 Ne3 25. a7 Nxf1 26. Kxf1 Kf7 27. b4 Ke6 28. b5 d5 29. b6 Kd6 30. Ba4 Rc8 31. b7 Rc1+ 32. Kf2 1-0


[Site "https://www.chess.com"]